 Dungeon Crawl Stone Soup version 0.31-a0-832-g3a2c1c66ba (webtiles) character file.

Game seed: 7644945281864428132

510 Ijustatesigmund the Conjurer (level 6, -2/34 HPs)
             Began as a Deep Elf Conjurer on Sept 25, 2023.
             Slain by Pikel
             ... wielding a +2 whip of freezing
              (9 damage)
             ... on level 4 of the Dungeon.
             The game lasted 00:09:15 (4755 turns).

Ijustatesigmund the Conjurer (Deep Elf Conjurer)    Turns: 4755, Time: 00:09:15

Health: -2/34      AC:  4    Str:  4    XL:     6   Next: 98%
Magic:  6/17       EV: 17    Int: 25    God:
Gold:   171        SH:  0    Dex: 13    Spells: 6/17 levels left

rFire   . . .        k - +2 short sword (venom)
rCold   . . .        (no shield)
rNeg    . . .        a - +0 robe
rPois   .            (no helmet)
rElec   .            f - +0 cloak
rCorr   +            (no gloves)
SInv    .            c - +0 pair of boots
Will    .....        (no amulet)
Stlth   ++           h - ring of resist corrosion
HPRegen 0.25/turn    o - +5 ring of evasion
MPRegen 0.15/turn

%: no passive effects
@: hasted, very quick
A: hooves 1, subdued magic 1
a: no special abilities


You were on level 4 of the Dungeon.
You visited 1 branch of the dungeon, and saw 4 of its levels.

You collected 171 gold pieces.

Inventory:

Hand Weapons
 k - a +2 short sword of venom (weapon)
Armour
 a - a +0 robe (worn)
 c - a +0 pair of boots (worn)
 f - a +0 cloak (worn)
Jewellery
 h - a ring of resist corrosion (left hand)
 o - a +5 ring of evasion (right hand)
Scrolls
 d - a scroll of poison
 g - 2 scrolls of teleportation
 i - a scroll of fog {unknown}
 p - a scroll of noise {unknown}
 r - a scroll of revelation {unknown}
Potions
 b - 3 potions of magic
 e - 4 potions of curing
 l - a potion of invisibility
 n - a potion of cancellation
 q - a potion of lignification {unknown}


   Skills:
 - Level 1.6 Fighting
 - Level 2.4 Dodging
 - Level 2.4 Stealth
 + Level 6.3 Spellcasting
 + Level 6.3 Conjurations
 + Level 3.4 Translocations
 + Level 0.7 Poison Magic


You had 6 spell levels left.
You knew the following spells:

 Your Spells              Type           Power      Damage    Failure   Level
a - Magic Dart            Conj           100%       1d8       1%          1
b - Searing Ray           Conj           60%        2d6       1%          2
c - Iskenderun's Mystic   Conj/Tloc      24%        2d7       8%          4
d - Olgreb's Toxic Radia  Pois           9%         N/A       41%         4

Your spell library contained the following spells:

 Spells                   Type           Power      Damage    Failure   Level
 Dazzling Flash           Conj/Hex       36%        N/A       4%          3
 Summon Small Mammal      Summ           24%        N/A       6%          1
 Flame Wave               Conj/Fire      18%        2d7       16%         4
 Fulminant Prism          Conj/Hex       9%         3d7       16%         4
 Sticky Flame             Conj/Fire      18%        2d4       16%         4
 Call Canine Familiar     Summ           6%         N/A       19%         3
 Inner Flame              Hex/Fire       6%         N/A       19%         3
 Summon Guardian Golem    Hex/Summ       6%         N/A       19%         3
 Discord                  Hex            3%         N/A       100%        8
 Ignition                 Fire           3%         3d4       100%        8


Dungeon Overview and Level Annotations

Branches:
Dungeon (4/15)
 Temple: D:4-7

Altars:

Annotations:
D:4 Pikel


Innate Abilities, Weirdness & Mutations

You have large cloven feet.
Your spells are a little easier to cast, but a little less powerful.


Message History

Confirm with . or Enter, or press ? or * to list all spells.
Aiming: Searing Ray (safe; 1% risk of failure)
Press: ? - help, Shift-Dir - straight line, f - Pikel
Aim: Pikel, wielding a +2 whip of freezing and wearing a +0 robe (lightly wounded, 74% to hit)
The searing ray hits Pikel but does no damage.
Pikel is lightly wounded. (Press . to maintain the ray.)
The lemure hits the bush!
Pikel closely misses you.
The searing ray hits Pikel!
Pikel is moderately wounded.
The searing ray hits the lemure.
The lemure is severely wounded.
Pikel barely misses you.
The lemure hits the bush but does no damage.
The searing ray hits Pikel.
Pikel is heavily wounded.
The searing ray hits the lemure.
The lemure is almost dead.
The searing ray hits the lemure!
The lemure is moderately wounded.
Pikel barely misses you.
The lemure hits the bush.
The searing ray hits Pikel.
Pikel is severely wounded.
The searing ray hits the lemure.
You kill the lemure!
That felt strangely unrewarding.
The searing ray hits the lemure!
The lemure is severely wounded.
You finish channelling your searing ray.
Pikel hits you with a +2 whip of freezing.
Pikel freezes you.
You closely miss Pikel.
Pikel is severely wounded.
Pikel hits you with a +2 whip of freezing!
Pikel freezes you.
* * * LOW HITPOINT WARNING * * *
The lemure hits the bush but does no damage.
You feel yourself speed up.
Pikel hits you with a +2 whip of freezing!
You die...
Pikel says, "Another soul for the market."

....####.##......................
.............##########.....#####
...............# #.....#
#.##........##.# #.....#
#'##........##.# #######
.............#.# #######
.........###.#.###########.....#
.........# #.....##............#
.........# #####@##............#
....).###### #PKP#............##
......#....####≈5≈##...........'.
......#.♣.♣.##≈≈5≈≈###(........##
......#.....P≈≈≈.≈≈≈P#.###.....#
#######..85............# #.....##
#.....P≈≈≈.≈≈≈P#.# ####...#
#.♣.♣.##≈≈.≈≈###.# #...#
#....####≈.≈##.#.## #...#


You could see Pikel and 2 lemures.

Vanquished Creatures
  2 lemures (D:4)
  A phantom (D:3)
  A scorpion (D:4)
  An orc priest (D:3)
  A hound (D:4)
  2 iguanas (D:4)
  Jessica (D:2)
  Natasha (twice) (D:2)
  An orc wizard (D:3)
  4 gnolls (D:2)
  4 adders
  A worm (D:2)
  3 dart slugs
  12 orcs
  4 ball pythons (D:3)
  8 endoplasms
  2 giant cockroaches
  3 goblins (D:1)
  7 hobgoblins
  4 jackals (D:2)
  2 quokkas (D:2)
  5 bats
  3 frilled lizards
  5 kobolds
  3 rats
82 creatures vanquished.

Notes
Turn   | Place    | Note
-------+----------+-------------------------------------------
     0 | D:1      | Ijustatesigmund the Deep Elf Conjurer began the quest for
                  | the Orb.
     0 | D:1      | Reached XP level 1. HP: 10/10 MP: 6/6
   551 | D:1      | Reached XP level 2. HP: 16/16 MP: 6/8
   554 | D:1      | Learned a level 2 spell: Searing Ray
  1267 | D:2      | Reached skill level 1 in Fighting
  1367 | D:2      | Reached XP level 3. HP: 14/20 MP: 5/10
  1629 | D:2      | Noticed Jessica
  1633 | D:2      | Killed Jessica
  1634 | D:2      | Reached skill level 5 in Conjurations
  1634 | D:2      | Reached XP level 4. HP: 25/25 MP: 7/12
  1643 | D:2      | Learned a level 4 spell: Iskenderun's Mystic Blast
  1705 | D:2      | Found a faded altar of an unknown god.
  1785 | D:2      | Noticed Natasha
  1788 | D:2      | Killed Natasha
  1820 | D:2      | Reached skill level 1 in Translocations
  1979 | D:2      | Reached XP level 5. HP: 29/29 MP: 10/14
  2275 | D:2      | Noticed Natasha
  2279 | D:2      | Killed Natasha
  2280 | D:2      | Reached skill level 5 in Spellcasting
  2722 | D:3      | Noticed a phantom
  2730 | D:3      | Killed a phantom
  2731 | D:3      | Reached XP level 6. HP: 33/34 MP: 5/16
  4304 | D:4      | Learned a level 4 spell: Olgreb's Toxic Radiance
  4536 | D:4      | Gained mutation: Your spells are a little harder to cast,
                  | but a little more powerful. [potion of mutation]
  4536 | D:4      | Gained mutation: You sometimes lose your temper in combat.
                  | [potion of mutation]
  4536 | D:4      | Gained mutation: You have large cloven feet. [potion of
                  | mutation]
  4537 | D:4      | Lost mutation: Your spells are a little harder to cast, but
                  | a little more powerful. [potion of mutation]
  4537 | D:4      | Lost mutation: You sometimes lose your temper in combat.
                  | [potion of mutation]
  4537 | D:4      | Gained mutation: Armour fits poorly on your strangely
                  | shaped body. [potion of mutation]
  4537 | D:4      | Gained mutation: You do not regenerate when monsters are
                  | visible. [potion of mutation]
  4538 | D:4      | Lost mutation: Armour fits poorly on your strangely shaped
                  | body. [potion of mutation]
  4538 | D:4      | Lost mutation: You do not regenerate when monsters are
                  | visible. [potion of mutation]
  4538 | D:4      | Gained mutation: Your spells are a little easier to cast,
                  | but a little less powerful. [potion of mutation]
  4740 | D:4      | Noticed Pikel
  4755 | D:4      | Slain by Pikel

Illustrated notes

Levels and vault maps discovered:
D:1:      dpeg_arrival_round_b, layout_basic, nrook_uturn
D:2:      layout_loops_ring, hellmonk_ecumenical_altar_arch_garden,
          uniq_jessica, uniq_natasha
D:3:      layout_basic
D:4:      layout_basic, dreamdust_princess_bridge, minmay_misc_feat_ornament,
          grunt_tough_drop, uniq_pikel

Skill      XL: |  1  2  3  4  5  6 |
---------------+-------------------+-----
Fighting       | 1 |  1.6
Spellcasting   | 4 5 6 |  6.3
Conjurations   | 5 6 |  6.3
Translocations | 1 2 3 |  3.4
Dodging        | |  2.4
Stealth        | |  2.4
Poison Magic   | |  0.7

Action                     |  1- 3 |  4- 6 || total
---------------------------+-------+-------++-------
  Melee: Short sword       |     6 |     3 ||     9
   Cast: Magic Dart        |    61 |    87 ||   148
         Searing Ray       |     1 |    23 ||    24
    Use: Scroll            |       |     7 ||     7
         Potion            |       |     4 ||     4
 Armour: Robe              |    10 |    10 ||    20
  Dodge: Dodged            |     8 |    18 ||    26

Table legend: (Time is in decaauts)
 A = Elapsed time spent in this place.
 B = Non-inter-level travel time spent in this place.
 C = Inter-level travel time spent in this place.
 D = Time resting spent in this place.
 E = Time spent auto-exploring this place.
 F = Levels seen in this place.
 G = Mean time per level.
                   A        B        C        D        E       F      G
               +--------+--------+--------+--------+--------+-----+--------+
         Total |   4759 |   4685 |     74 |    845 |   3388 |   4 | 1189.8 |
       Dungeon |   4759 |   4685 |     74 |    845 |   3388 |   4 | 1189.8 |
               +--------+--------+--------+--------+--------+-----+--------+

Top non-repeatable levels by time:
     D:2: 1335 daAuts
     D:4: 1188 daAuts
     D:3: 1171 daAuts
     D:1: 1064 daAuts
